 Dungeon Crawl Stone Soup version 0.21.1-1-g345015f (webtiles) character file.

812 prawnwizard the Magician (level 7, 0/45 HPs)
             Began as an Octopode Wizard on July 3, 2018.
             Slain by an orc priest
             ... wielding a +0 mace
              (7 damage)
             ... on level 4 of the Dungeon.
             The game lasted 00:22:01 (5689 turns).

prawnwizard the Magician (Octopode Wizard)          Turns: 5689, Time: 00:22:02

Health: 0/45       AC:  1    Str:  7    XL:     7   Next: 93%
Magic:  11/14      EV: 13    Int: 25    God:
Gold:   199        SH:  5    Dex: 10    Spells: 4/15 levels left

rFire    . . .     SeeInvis .   f - +0 dagger (venom)
rCold    . . .     Gourm    .   v - +2 buckler
rNeg     . . .     Faith    .   a - +0 hat
rPois    .         Spirit   .   (no amulet)
rElec    .         Reflect  .   w - +3 ring of intelligence
rCorr    .         Harm     .   (no ring)
MR       .....                  (no ring)
Stlth    +++.......             (no ring)
HPRegen  0.15/turn              (no ring)
MPRegen  0.14/turn              (no ring)
                                (no ring)
                                (no ring)

@: no status effects
A: almost no armour, stealthy swim, amphibious, 8 rings, constrict 8, camouflage
1, gelatinous body 1
a: no special abilities


You were on level 4 of the Dungeon.
You were not hungry.

You visited 1 branch of the dungeon, and saw 5 of its levels.

You collected 199 gold pieces.

Inventory:

Hand Weapons
 f - a +0 dagger of venom (weapon)
Armour
 a - a +0 hat (worn)
 v - a +2 buckler (worn)
Jewellery
 w - a +3 ring of intelligence (left tentacle)
Wands
 j - a wand of iceblast (5)
Scrolls
 e - 10 scrolls of identify {unknown}
 l - 2 scrolls of fear {unknown}
 m - 2 scrolls of teleportation {unknown}
 r - a scroll of fog {unknown}
 s - a scroll of blinking {unknown}
 t - a scroll of remove curse {unknown}
 u - a scroll of enchant weapon {unknown}
 x - a scroll of amnesia {unknown}
Potions
 d - a potion of brilliance {unknown}
 g - a potion of invisibility {unknown}
 h - a potion of mutation {unknown}
 i - 3 potions of heal wounds {unknown}
 k - a potion of magic {unknown}
 n - 3 potions of agility {unknown}
 o - 2 potions of curing {unknown}
 p - 2 potions of cancellation {unknown}
 q - a potion of haste {unknown}
Books
 b - a book of Minor Magic

   Spells                             Type                      Level
   a - Magic Dart                     Conjuration                  1
   b - Blink                          Translocation                2
   c - Call Imp                       Summoning                    2
   d - Slow                           Hexes                        2
   e - Conjure Flame                  Conjuration/Fire             3
   f - Mephitic Cloud                 Conjuration/Poison/Air       3
Comestibles
 c - 10 rations


   Skills:
 + Level 2.3 Fighting
 - Level 3.2 Dodging
 - Level 4.0 Stealth
 + Level 4.7 Spellcasting
 * Level 4.6 Conjurations
 - Level 2.0 Summonings
 + Level 3.5 Translocations


You had 4 spell levels left.
You knew the following spells:

 Your Spells              Type           Power        Failure   Level  Hunger
a - Magic Dart            Conj           ####         1%          1    None
b - Call Imp              Summ           ###.....     10%         2    None
c - Blink                 Tloc           N/A          4%          2    None
d - Conjure Flame         Conj/Fire      ###.....     16%         3    ##.....
e - Mephitic Cloud        Conj/Pois/Air  ##......     22%         3    ##.....


Dungeon Overview and Level Annotations

Branches:
Dungeon (5/15)
 Temple: D:4-7

Altars:
Cheibriados
Dithmenos
Elyvilon
Gozag
Ru
Sif Muna
Wu Jian
Zin


Innate Abilities, Weirdness & Mutations

You cannot wear most types of armour.
You are very stealthy in the water. (Stealth+)
You are amphibious.
You can wear up to eight rings at the same time.
You can use your tentacles to constrict eight enemies at once.
Your skin changes colour to match your surroundings (Stealth+).
Your rubbery body absorbs attacks. (AC +1, EV +1)


Message History

Your grab misses the orc priest. You hit the orc priest.
The orc priest is poisoned.
Your grab misses the orc priest.
The orc priest is lightly wounded.
The orc priest hits you with a mace.
You hit the orc priest but do no damage.
The orc priest looks as sick as possible!
Your grab misses the orc priest.
The orc priest is lightly wounded.
The orc priest hits you with a mace!
* * * LOW HITPOINT WARNING * * *
Casting: Magic Dart
Confirm with . or Enter, or press ? or * to list all spells.
Aiming: Magic Dart
Press: ? - help, Shift-Dir - straight line, f/p - orc priest
Aim: an orc priest, wielding a mace and wearing a leather armour (moderately wounded, poisoned)
The magic dart hits the orc priest.
The orc priest is heavily wounded.
The orc priest hits you with a mace!
You die...

#......#.......##.#..##.#
#.##.#.#.......##.#.###.#
#.##...#.......##.#.###.#
#.##.#.#.......##.......#
#.###..#.......###.....##
#.###..#..###..# ##.#.##
#.........# #.## ###.#
#####.#.#o###.# #.#
####.#.##@).## #.#
#......########### #.#
#.##.#.#.........# #.#
########.##..........##.###.#####
......##.##.....#.##.......>.....
.####.##.###......##.##.##.###...
§## #.##.####.#)#.......#........
.§###.##......#.#.##.####..##..<.
§§§##.#########......# #..#.....


You could see an orc priest.

Vanquished Creatures
  The ghost of Gonk the Insei, an amateur OpTm (D:3)
  An ogre (D:5)
  A crimson imp (D:5)
  An orc priest (D:4)
  3 hounds
  3 bullfrog skeletons
  An iguana (D:4)
  3 orc wizards (D:4)
  2 worker ants (D:4)
  10 adders
  2 shadow imps
  An ooze (D:2)
  An adder skeleton (D:4)
  A worm (D:3)
  5 dart slugs
  4 leopard geckos
  6 orcs
  A ball python (D:2)
  7 bats
  12 goblins
  2 hobgoblins
  8 jackals (D:2)
  5 kobolds
  2 quokkas
  8 frilled lizards
  5 rats
96 creatures vanquished.

Vanquished Creatures (collateral kills)
  A centaur skeleton (D:4)
  A worker ant (D:4)
  An orc (D:4)
3 creatures vanquished.

Grand Total: 99 creatures vanquished

Notes
Turn   | Place    | Note
-------+----------+-------------------------------------------
     0 | D:1      | prawnwizard the Octopode Wizard began the quest for the Orb.
     0 | D:1      | Reached XP level 1. HP: 11/11 MP: 4/4
   319 | D:1      | Reached XP level 2. HP: 8/17 MP: 1/6
  1080 | D:1      | Learned a level 2 spell: Call Imp
  1083 | D:1      | Learned a level 2 spell: Blink
  1117 | D:2      | Reached XP level 3. HP: 21/21 MP: 2/8
  1520 | D:2      | Reached XP level 4. HP: 27/27 MP: 0/9
  2236 | D:2      | Reached XP level 5. HP: 31/31 MP: 3/10
  2444 | D:2      | Learned a level 3 spell: Conjure Flame
  2448 | D:2      | Learned a level 3 spell: Mephitic Cloud
  2566 | D:3      | Noticed Gonk's ghost (amateur OpTm)
  3357 | D:3      | Found a sacrificial altar of Ru.
  3357 | D:3      | Found a deep blue altar of Sif Muna.
  3362 | D:3      | Found a snail-covered altar of Cheibriados.
  3364 | D:3      | Found a white marble altar of Elyvilon.
  3366 | D:3      | Found an opulent altar of Gozag.
  3599 | D:3      | Killed Gonk's ghost
  3599 | D:3      | Reached XP level 6. HP: 20/36 MP: 0/12
  4050 | D:4      | Reached skill level 1 in Fighting
  4312 | D:4      | Found a shadowy altar of Dithmenos.
  4358 | D:4      | Reached XP level 7. HP: 23/43 MP: 2/13
  5039 | D:5      | Entered Level 5 of the Dungeon
  5051 | D:5      | Found a glowing silver altar of Zin.
  5052 | D:5      | Found an ornate altar of the Wu Jian Council.
  5689 | D:4      | Slain by an orc priest

Skill      XL: |  1  2  3  4  5  6  7 |
---------------+----------------------+-----
Stealth        | 3 4 |  4.0
Conjurations   | 2 3 4 |  4.6
Summonings     | 2 |  2.0
Translocations | 2 3 |  3.5
Dodging        | 3 |  3.2
Spellcasting   | 4 |  4.7
Fighting       | 1 2 |  2.3

Action                   |  1- 3 |  4- 6 |  7- 9 || total
-------------------------+-------+-------+-------++-------
Melee: Unarmed           |     8 |       |       ||     8
       Tentacles         |     4 |    16 |     5 ||    25
       Constrict         |     2 |    19 |     7 ||    28
       Dagger            |     7 |    84 |    29 ||   120
 Cast: Magic Dart        |    70 |   103 |    58 ||   231
       Call Imp          |       |    11 |     1 ||    12
       Conjure Flame     |       |     1 |     1 ||     2
 Stab: Sleeping          |       |       |     2 ||     2
  Eat: Chunk             |     1 |     9 |     1 ||    11
       Ration            |       |       |     1 ||     1
Armor: Skin              |     2 |     4 |     3 ||     9
Dodge: Dodged            |    16 |    57 |    25 ||    98
Block: Buckler           |       |       |    11 ||    11
